 Dungeon Crawl Stone Soup version 0.21-a0-260-g9b2435e (webtiles) character file.

1086 tilp the Chiller (level 8, -3/52 HPs)
             Began as a Merfolk Ice Elementalist on Sept 7, 2017.
             Was a Believer of Vehumet.
             Slain by an ogre
             ... wielding a +0 giant club
              (30 damage)
             ... on level 6 of the Dungeon.
             The game lasted 00:30:16 (7655 turns).

tilp the Chiller (Merfolk Ice Elementalist)         Turns: 7655, Time: 00:30:17

Health: -3/52      AC: 11    Str:  8    XL:     8   Next: 30%
Magic:  18/25      EV: 12    Int: 16    God:    Vehumet [**....]
Gold:   226        SH:  3    Dex: 15    Spells: 11/18 levels left

rFire    . . .     SeeInvis .   A - +0 trident
rCold    . . .     Gourm    .   d - +0 buckler
rNeg     . . .     Faith    .   l - +0 robe {MR+}
rPois    .         Spirit   .   m - +1 helmet
rElec    .         Reflect  .   (no cloak)
rCorr    .         Harm     .   j - +0 pair of gloves
MR       +....                  (no boots)
Stlth    ++........             (no amulet)
HPRegen  0.17/turn              p - ring of magical power
MPRegen  0.19/turn              (no ring)

@: icy armour, very slightly contaminated, slow
A: change form in water, swift swim, stealthy swim
a: Renounce Religion


You were on level 6 of the Dungeon.
You worshipped Vehumet.
Vehumet was pleased with you.
You were hungry.

You visited 1 branch of the dungeon, and saw 6 of its levels.
You also visited: Sewer.

You collected 226 gold pieces.

Inventory:

Hand Weapons
 A - a +0 trident (weapon)
Missiles
 o - 6 tomahawks
 w - 3 javelins (quivered)
Armour
 d - a +0 buckler (worn)
 j - a +0 pair of gloves (worn)
 l - a +0 robe of magic resistance (worn)
 m - a +1 helmet (worn)
Jewellery
 p - a ring of magical power (left hand)
 y - an uncursed ring of stealth {unknown}
Scrolls
 e - 5 scrolls of fear
 g - a scroll of remove curse
 h - 2 scrolls of magic mapping {unknown}
 n - 3 scrolls of blinking {unknown}
 s - 4 scrolls of teleportation
 u - a scroll of fog {unknown}
Potions
 a - 6 potions of heal wounds {unknown}
 i - 3 potions of magic {unknown}
 q - 3 potions of curing {unknown}
 r - a potion of might {unknown}
 v - a potion of lignification {unknown}
 z - 2 potions of cancellation {unknown}
 B - a potion of mutation {unknown}
Books
 b - a book of Frost

   Spells                             Type                      Level
   a - Freeze                         Ice                          1
   b - Throw Frost                    Conjuration/Ice              2
   c - Ozocubu's Armour               Charms/Ice                   3
   d - Throw Icicle                   Conjuration/Ice              4
   e - Summon Ice Beast               Ice/Summoning                4
Comestibles
 c - 4 bread rations
 f - a meat ration
 k - 3 chunks of flesh
 t - 2 royal jellies
 x - 5 fruits


   Skills:
 + Level 5.8 Polearms
 - Level 2.6 Dodging
 - Level 2.1 Stealth
 + Level 5.6 Spellcasting
 - Level 0.7 Conjurations
 - Level 1.4 Charms
 - Level 7.3 Ice Magic


You had 11 spell levels left.
You knew the following spells:

 Your Spells              Type           Power        Failure   Level  Hunger
a - Freeze                Ice            ####         1%          1    None
b - Throw Frost           Conj/Ice       ###...       7%          2    #......
c - Ozocubu's Armour      Chrm/Ice       ###.....     12%         3    ##.....
d - Shock                 Conj/Air       #...         21%         1    None


Dungeon Overview and Level Annotations

Branches:
Dungeon (6/15)
 Temple: D:4-7

Altars:
Cheibriados
Dithmenos
Gozag
Ru
Vehumet

Annotations:
D:5 Sigmund


Message History

Press: ? - help, Shift-Dir - straight line, f - ogre
Aim: an ogre, wielding a giant club You freeze the ogre.
The ogre is lightly wounded.
The ogre completely misses you.
You hit the ogre.
The ogre is moderately wounded.
You hit the ogre.
The ogre is moderately wounded.
The ogre hits you with a giant club.
Casting: Freeze
Confirm with . or Enter, or press ? or * to list all spells.
Aiming: Freeze
Press: ? - help, Shift-Dir - straight line, f/p - ogre
Aim: an ogre, wielding a giant club (moderately wounded)
You freeze the ogre.
The ogre is heavily wounded.
The ogre hits you with a giant club!!
Ouch! That really hurt!
You die...

...##.# .# #............
...##############.#
#############
...'........(.....####.#
...#############.......#
#### #.#####.# #.# #.#
#.# #@# #?O.....#
#######.#


You could see an ogre.

Vanquished Creatures
  A black bear (D:6)
  A centaur (D:5)
  2 bullfrogs (Sewer)
  A scorpion (D:4)
  A howler monkey (D:4)
  3 orc wizards
  A centaur skeleton (D:4)
  Jessica (D:2)
  2 iguanas
  Natasha (thrice) (D:3)
  2 worker ants (D:4)
  8 gnolls
  4 river rats
  12 adders
  A shadow imp (D:5)
  3 oozes
  An adder skeleton (D:4)
  A worm (D:2)
  A dart slug (D:3)
  2 leopard geckos
  15 orcs
  10 bats
  3 giant cockroaches
  11 goblins
  12 hobgoblins
  4 kobolds
  2 quokkas
  15 ball pythons
  4 frilled lizards
  A quokka skeleton (D:4)
  34 rats
162 creatures vanquished.

Notes
Turn   | Place    | Note
-------+----------+-------------------------------------------
     0 | D:1      | tilp the Merfolk Ice Elementalist began the quest for the Orb.
     0 | D:1      | Reached XP level 1. HP: 13/13 MP: 3/3
   165 | D:1      | Reached XP level 2. HP: 19/19 MP: 5/5
   717 | D:1      | Reached skill level 4 in Ice Magic
   735 | D:1      | Reached XP level 3. HP: 20/24 MP: 2/6
   741 | D:1      | Learned a level 2 spell: Throw Frost
   745 | D:1      | Learned a level 3 spell: Ozocubu's Armour
  1258 | D:2      | Found a snail-covered altar of Cheibriados.
  1562 | D:2      | Reached XP level 4. HP: 26/30 MP: 3/8
  1599 | D:2      | Noticed Jessica
  1608 | D:2      | Killed Jessica
  1739 | D:2      | Found a sacrificial altar of Ru.
  1984 | D:3      | Noticed Sigmund
  2199 | D:3      | Reached XP level 5. HP: 35/35 MP: 2/10
  2409 | D:3      | Found a radiant altar of Vehumet.
  2426 | D:3      | Became a worshipper of Vehumet
  2462 | D:3      | Noticed Natasha
  2505 | D:3      | Reached skill level 5 in Ice Magic
  2527 | D:3      | Killed Natasha
  2527 | D:3      | Reached skill level 1 in Charms
  3036 | D:4      | Reached XP level 6. HP: 41/41 MP: 8/11
  3148 | D:4      | Found an opulent altar of Gozag.
  3493 | D:4      | Reached skill level 1 in Polearms
  3493 | D:4      | Reached skill level 6 in Ice Magic
  3929 | D:4      | Reached XP level 7. HP: 26/46 MP: 7/13
  4290 | D:5      | Entered Level 5 of the Dungeon
  5116 | D:3      | Noticed Natasha
  5129 | D:3      | Killed Natasha
  5308 | D:3      | Noticed Natasha
  5317 | D:3      | Killed Natasha
  6036 | D:6      | Reached skill level 7 in Ice Magic
  6224 | D:6      | Reached skill level 5 in Spellcasting
  6262 | D:6      | Found a glowing drain.
  6339 | Sewer    | Entered a sewer
  6356 | Sewer    | Reached * piety under Vehumet
  6356 | Sewer    | Offered knowledge of Sandblast by Vehumet.
  6356 | Sewer    | Reached XP level 8. HP: 52/52 MP: 15/15
  6773 | Sewer    | Reached skill level 5 in Polearms
  7075 | Sewer    | Reached ** piety under Vehumet
  7116 | Sewer    | Offered knowledge of Shock by Vehumet.
  7138 | Sewer    | Learned a level 1 spell: Shock
  7294 | D:6      | Found a shadowy altar of Dithmenos.
  7655 | D:6      | Slain by an ogre

Vault maps used:
D:1:      ncdulo_smallfort, minmay_misc_feat_square, fountainhead,
          minmay_tetromino_s4
D:2:      cheibrodos_helix_gallery, nicolae_ru_awakened_eye, lemuel_round_altar,
          first_bread, kennysheep_nub, uniq_jessica
D:3:      lemuel_crystal_altar, kennysheep_generic_room_14, uniq_sigmund,
          uniq_natasha
D:4:      grunt_gozag_statues
D:6:      lemuel_doored_altar, gup_sewer_entry_bowl
Sewer:    sewer_minmay_w

Skill      XL: |  1  2  3  4  5  6  7  8 |
---------------+-------------------------+-----
Ice Magic      | 4 5 6 7 |  7.3
Spellcasting   | 3 4 5 |  5.6
Charms         | 1 |  1.4
Polearms       | 2 4 5 |  5.8
Dodging        | |  2.6
Stealth        | |  2.1
Conjurations   | |  0.7

Action                   |  1- 3 |  4- 6 |  7- 9 || total
-------------------------+-------+-------+-------++-------
Melee: Club              |    40 |     3 |       ||    43
       Unarmed           |     1 |       |       ||     1
       Short sword       |       |    27 |       ||    27
       War axe           |       |    39 |       ||    39
       Trident           |       |     5 |   223 ||   228
       Tailslap          |       |       |     8 ||     8
Throw: Stone             |     7 |       |       ||     7
       Javelin           |       |    20 |    14 ||    34
       Tomahawk          |       |     5 |     2 ||     7
 Cast: Freeze            |    44 |    67 |    58 ||   169
       Throw Frost       |       |     8 |       ||     8
       Ozocubu's Armour  |       |     1 |    14 ||    15
  Use: Potion            |       |     1 |       ||     1
       Scroll            |       |       |     9 ||     9
 Stab: Sleeping          |       |     1 |       ||     1
  Eat: Chunk             |     2 |     8 |     3 ||    13
       Meat ration       |       |       |     2 ||     2
Armor: Robe              |    15 |    30 |    95 ||   140
       Skin              |       |     1 |       ||     1
Dodge: Dodged            |    54 |    94 |   209 ||   357
Block: Buckler           |       |       |    37 ||    37

Table legend:
 A = Spawn XP
 B = Non-spawn XP
 C = Spawn XP percentage of total XP
 D = Spawn monster count
 E = Non-spawn monster count
 F = Spawn count percentage of total count
 G = Total turns spent on level
                    A         B        C        D         E        F      G
               +---------+---------+-------+---------+---------+-------+---------
         Total |       0 |    1552 |   0.0 |       0 |     162 |   0.0 |  7655
               +---------+---------+-------+---------+---------+-------+---------
           D:1 |       0 |      48 |   0.0 |       0 |      28 |   0.0 |  1135
           D:2 |       0 |      94 |   0.0 |       0 |      17 |   0.0 |   890
           D:3 |       0 |     160 |   0.0 |       0 |      20 |   0.0 |   975
           D:4 |       0 |     488 |   0.0 |       0 |      29 |   0.0 |  2050
           D:5 |       0 |     186 |   0.0 |       0 |       6 |   0.0 |   939
           D:6 |       0 |     270 |   0.0 |       0 |      14 |   0.0 |   827
         Sewer |       0 |     306 |   0.0 |       0 |      48 |   0.0 |   839
               +---------+---------+-------+---------+---------+-------+---------
